Connexion

COLUMBUS Blue Jackets vs PITTSBURGH Penguins

Created - 26 juillet 2023 at 08:19

Goals
1 2 3 T
COLUMBUS Blue Jackets 1 0 1 2
PITTSBURGH Penguins 1 0 4 5
Shots
1 2 3 T
COLUMBUS Blue Jackets 7 9 9 25
PITTSBURGH Penguins 12 12 11 35

GoalsPenalties
1st period
1. COLUMBUS Blue Jackets , Sam Steel 1 (Nino Niederreiter 1, Jordan Gross 1) at 2:00
2. PITTSBURGH Penguins , Andrei Svechnikov 1 (Gustav Nyquist 1, Victor Hedman 1) at 17:16
Pierre-luc Dubois (CLB) for Interference (Minor) at 13:33
Jordan Gross (CLB) for Hooking (Minor) at 18:25
2nd period
No Goal
Matthew Nieto (PIT) for Slashing (Minor) at 2:05
John Carlson (CLB) for Roughing (Minor) at 9:21
3rd period
3. COLUMBUS Blue Jackets , Artturi Lehkonen 1 (William Lagesson 1, Jordan Gross 2) at 4:45
4. PITTSBURGH Penguins , Connor McDavid 1 (Brad Marchand 1, Victor Hedman 2) at 6:37
5. PITTSBURGH Penguins , Brad Marchand 1 (Oliver Bjorkstrand 1, Jake Gardiner 1) at 13:53 (PP)
6. PITTSBURGH Penguins , Alexander Barabanov 1 (Kevin Connauton 1) at 14:48
7. PITTSBURGH Penguins , Oliver Bjorkstrand 1 (Brad Marchand 2, Connor McDavid 1) at 18:22
Victor Hedman (PIT) for Roughing (Minor) at 0:12
William Lagesson (CLB) for Cross-checking (Minor) at 13:09
Goalie Stats
Vitek Vanecek (CLB), 30 saves from 35 shots - (0,857), L, 0-1-0, 60:00 minutes
Darcy Kuemper (PIT), 23 saves from 25 shots - (0,920), W, 1-0-0, 60:00 minutes
3 StarsOfficial
1 - Brad Marchand (PIT)
2 - Andrei Svechnikov (PIT)
3 - Alexander Barabanov (PIT)
Referees : Tom Kowal and Don VanMassenhoven
Linesman : Dan Schachte and Andy McElman
Game Note
No Game Note
Finance
Level 1 -- Attendance: 4675 (77,92%) -- Ticket Income 654 500 $
Level 2 -- Attendance: 4191 (77,80%) -- Ticket Income 398 145 $
Level 3 -- Attendance: 1796 (89,80%) -- Ticket Income 98 780 $
Level 4 -- Attendance: 2927 (73,18%) -- Ticket Income 117 080 $
Luxury Box -- Attendance: 945 (94,50%) -- Ticket Income 283 500 $
Game was played at the Consol Energy Center.
Total Attendance: 14534 (79,04%)
Total Ticket Income: 1 552 005 $
Other Income: 310 401 $
Total Income: 1 862 406 $



Team Name Goals Shots Shots Attemp Shots Blocked PIM HIT PP PK FO%
COLUMBUS Blue Jackets 22539128300 / 2 (0%)154%
PITTSBURGH Penguins 5357334151 / 4 (25%)046%

COLUMBUS Blue Jackets
Player Name POS G A P +/- PIM HIT SHT SB MP PP MP PP SHT PK MP PK SHT FO% FOT
Artturi LehkonenLW/RW1010024014:040:0000:0000% 1
Bo HorvatC000-1020118:172:1201:32056% 25
Carson SoucyD000-1000020:301:4103:1900% 0
Colin BlackwellC/LW/RW000-1015018:182:1201:330100% 2
Dante FabbroD000-1010120:331:4103:2200% 0
Jack RoslovicC/RW000-1013021:301:4604:050100% 2
Jeffrey VielLW000000000:000:0000:0000% 0
John CarlsonD000-1221224:242:1702:2100% 0
John MarinoD000-1050425:262:1703:2200% 0
Jordan GrossD0220201015:010:0000:5800% 0
Justin DanforthRW000000005:050:0000:0000% 0
Nino NiederreiterLW/RW0110010015:230:0001:1900% 0
Pierre-luc DuboisC/LW000-1285125:241:4612:55047% 38
Rudolfs BalcersLW/RW000000005:050:0000:0000% 0
Sam SteelC1010012014:040:0000:00064% 14
Tyler JohnsonC/LW/RW000-1002019:231:4621:5800% 1
William LagessonD0110242314:030:0000:0000% 0
Yan GourdeC/LW/RW000-1020016:452:1200:0000% 0
PITTSBURGH Penguins
Player Name POS G A P +/- PIM HIT SHT SB MP PP MP PP SHT PK MP PK SHT FO% FOT
Adam LarssonD0000011121:503:0402:0300% 0
Alexander BarabanovLW/RW1011032012:200:0001:13050% 2
Andrei SvechnikovLW/RW1011032017:042:5300:4600% 2
Brad MarchandLW/RW1230015022:013:4810:3700% 0
Connor McDavidC1120003021:243:4800:00068% 25
Gustav NyquistC/LW/RW0111002019:032:5312:45060% 5
Jake GardinerD0111010025:063:3702:5000% 0
Jared Spurgeon D0000002020:493:0411:0200% 0
Justin KloosC/RW000000107:130:0000:00029% 7
Kevin ConnautonD0111020113:590:0000:0000% 0
Matthew NietoLW/RW0001213012:280:0001:2200% 0
Milan LucicLW000000007:130:0000:0000% 0
Oliver Bjorkstrand LW/RW1120006021:243:4800:00050% 2
Ross ColtonC0001011011:430:0000:36025% 16
Trevor CarrickD0001001014:370:0000:3800% 0
Victor HedmanD0221221023:383:3711:2300% 0
Vitali KravtsovRW000000017:130:0000:0000% 0
William NylanderC/RW0001005016:552:5310:37042% 24



Play-by-Play

1st period


0:01 of 1st period - Connor McDavid wins face-off versus Pierre-luc Dubois in neutral zone.
0:12 of 1st period - Icing by Jack Roslovic.
0:13 of 1st period - Pierre-luc Dubois wins face-off versus Gustav Nyquist in COLUMBUS Blue Jackets zone.
0:47 of 1st period - Icing by Jared Spurgeon .
0:48 of 1st period - William Nylander wins face-off versus Bo Horvat in PITTSBURGH Penguins zone.
0:48 of 1st period - William Nylander is hit by Bo Horvat.
0:51 of 1st period - Icing by Gustav Nyquist.
0:52 of 1st period - Bo Horvat wins face-off versus William Nylander in PITTSBURGH Penguins zone.
1:58 of 1st period - Shot by Nino Niederreiter.
1:58 of 1st period - Shot Misses the Net.
2:00 of 1st period - Shot by Sam Steel.
2:00 of 1st period - Goal by Sam Steel - COLUMBUS Blue Jackets : 1 - PITTSBURGH Penguins : 0.
2:01 of 1st period - Pierre-luc Dubois wins face-off versus Ross Colton in neutral zone.
2:08 of 1st period - Shot by Rudolfs Balcers.
2:08 of 1st period - Shot Misses the Net.
2:42 of 1st period - Justin Danforth is hit by Alexander Barabanov and loses puck.
4:10 of 1st period - Shot by Oliver Bjorkstrand .
4:10 of 1st period - Shot Blocked by Bo Horvat.
4:12 of 1st period - Shot by Brad Marchand.
4:12 of 1st period - Deflect By Connor McDavid.
4:12 of 1st period - Shot Misses the Net.
4:14 of 1st period - Shot by Brad Marchand.
4:14 of 1st period - Deflect By Connor McDavid.
4:14 of 1st period - Stopped by Vitek Vanecek with a rebound.
4:33 of 1st period - Shot by Oliver Bjorkstrand .
4:33 of 1st period - Stopped by Vitek Vanecek without a rebound.
4:34 of 1st period - Pierre-luc Dubois wins face-off versus William Nylander in COLUMBUS Blue Jackets zone.
4:50 of 1st period - Off-side.
4:51 of 1st period - Pierre-luc Dubois wins face-off versus Ross Colton in neutral zone.
5:03 of 1st period - Shot by Matthew Nieto.
5:03 of 1st period - Shot Blocked by John Carlson.
5:05 of 1st period - Shot by Matthew Nieto.
5:05 of 1st period - Shot Misses the Net.
5:07 of 1st period - Shot by Trevor Carrick.
5:07 of 1st period - Shot Misses the Net.
5:09 of 1st period - Shot by Matthew Nieto.
5:09 of 1st period - Shot Misses the Net.
5:21 of 1st period - Shot by Alexander Barabanov.
5:21 of 1st period - Stopped by Vitek Vanecek without a rebound.
5:22 of 1st period - Bo Horvat wins face-off versus Oliver Bjorkstrand in COLUMBUS Blue Jackets zone.
5:31 of 1st period - Shot by Colin Blackwell.
5:31 of 1st period - Stopped by Darcy Kuemper without a rebound.
5:32 of 1st period - Sam Steel wins face-off versus Connor McDavid in PITTSBURGH Penguins zone.
5:51 of 1st period - Shot by Connor McDavid.
5:51 of 1st period - Stopped by Vitek Vanecek without a rebound.
5:52 of 1st period - Pierre-luc Dubois wins face-off versus William Nylander in COLUMBUS Blue Jackets zone.
6:32 of 1st period - Shot by Jack Roslovic.
6:32 of 1st period - Stopped by Darcy Kuemper without a rebound.
6:33 of 1st period - Bo Horvat wins face-off versus Connor McDavid in PITTSBURGH Penguins zone.
6:40 of 1st period - Shot by Bo Horvat.
6:40 of 1st period - Shot Misses the Net.
6:58 of 1st period - Shot by Oliver Bjorkstrand .
6:58 of 1st period - Stopped by Vitek Vanecek without a rebound.
6:59 of 1st period - Sam Steel wins face-off versus Ross Colton in COLUMBUS Blue Jackets zone.
7:34 of 1st period - Shot by Nino Niederreiter.
7:34 of 1st period - Deflect By Artturi Lehkonen.
7:34 of 1st period - Stopped by Darcy Kuemper without a rebound.
7:35 of 1st period - Connor McDavid wins face-off versus Pierre-luc Dubois in PITTSBURGH Penguins zone.
7:41 of 1st period - Icing by Jack Roslovic.
7:42 of 1st period - Connor McDavid wins face-off versus Pierre-luc Dubois in COLUMBUS Blue Jackets zone.
8:33 of 1st period - Oliver Bjorkstrand is hit by Pierre-luc Dubois.
8:55 of 1st period - Adam Larsson is hit by Yan Gourde and loses puck.
9:24 of 1st period - Shot by Gustav Nyquist.
9:24 of 1st period - Shot Misses the Net.
9:39 of 1st period - Icing by Gustav Nyquist.
9:40 of 1st period - William Nylander wins face-off versus Artturi Lehkonen in PITTSBURGH Penguins zone.
10:12 of 1st period - Icing by Artturi Lehkonen.
10:13 of 1st period - Sam Steel wins face-off versus Ross Colton in COLUMBUS Blue Jackets zone.
10:30 of 1st period - Icing by Ross Colton.
10:31 of 1st period - Pierre-luc Dubois wins face-off versus Ross Colton in PITTSBURGH Penguins zone.
11:00 of 1st period - John Marino is hit by Alexander Barabanov and loses puck.
11:15 of 1st period - Shot by Pierre-luc Dubois.
11:15 of 1st period - Stopped by Darcy Kuemper without a rebound.
11:16 of 1st period - Connor McDavid wins face-off versus Bo Horvat in PITTSBURGH Penguins zone.
11:16 of 1st period - Oliver Bjorkstrand is hit by Bo Horvat and loses puck.
11:53 of 1st period - Shot by Bo Horvat.
11:53 of 1st period - Shot Misses the Net.
12:29 of 1st period - Shot by Artturi Lehkonen.
12:29 of 1st period - Stopped by Darcy Kuemper without a rebound.
12:30 of 1st period - William Nylander wins face-off versus Pierre-luc Dubois in PITTSBURGH Penguins zone.
12:30 of 1st period - Jared Spurgeon is hit by Pierre-luc Dubois and loses puck.
12:36 of 1st period - Adam Larsson is hit by Pierre-luc Dubois and loses puck.
12:40 of 1st period - Adam Larsson is hit by John Marino and loses puck.
13:02 of 1st period - Shot by Gustav Nyquist.
13:02 of 1st period - Shot Misses the Net.
13:04 of 1st period - Shot by William Nylander.
13:04 of 1st period - Shot Blocked by John Carlson.
13:06 of 1st period - Shot by Jared Spurgeon .
13:06 of 1st period - Stopped by Vitek Vanecek with a rebound.
13:08 of 1st period - Shot by Adam Larsson.
13:08 of 1st period - Shot Blocked by Pierre-luc Dubois.
13:14 of 1st period - Shot by William Nylander.
13:14 of 1st period - Stopped by Vitek Vanecek with a rebound.
13:16 of 1st period - Shot by Adam Larsson.
13:16 of 1st period - Shot Hit the Post.
13:25 of 1st period - Jack Roslovic is hit by Kevin Connauton.
13:33 of 1st period - Minor Penalty to Pierre-luc Dubois for Interference.
13:34 of 1st period - Colin Blackwell wins face-off versus Connor McDavid in COLUMBUS Blue Jackets zone.
13:57 of 1st period - Shot by Brad Marchand.
13:57 of 1st period - Shot Misses the Net.
14:17 of 1st period - Shot by Jared Spurgeon .
14:17 of 1st period - Shot Misses the Net.
14:19 of 1st period - Shot by William Nylander.
14:19 of 1st period - Shot Blocked by John Marino.
14:21 of 1st period - Shot by Gustav Nyquist.
14:21 of 1st period - Shot Blocked by John Marino.
14:23 of 1st period - Shot by Jared Spurgeon .
14:23 of 1st period - Deflect By William Nylander.
14:23 of 1st period - Stopped by Vitek Vanecek without a rebound.
14:24 of 1st period - Colin Blackwell wins face-off versus William Nylander in COLUMBUS Blue Jackets zone.
16:37 of 1st period - Off-side.
16:38 of 1st period - Connor McDavid wins face-off versus Sam Steel in neutral zone.
16:38 of 1st period - Connor McDavid is hit by Nino Niederreiter.
16:57 of 1st period - Shot by John Carlson.
16:57 of 1st period - Stopped by Darcy Kuemper without a rebound.
16:58 of 1st period - Bo Horvat wins face-off versus William Nylander in PITTSBURGH Penguins zone.
17:16 of 1st period - Shot by Andrei Svechnikov.
17:16 of 1st period - Goal by Andrei Svechnikov - COLUMBUS Blue Jackets : 1 - PITTSBURGH Penguins : 1.
17:17 of 1st period - Sam Steel wins face-off versus Connor McDavid in neutral zone.
17:52 of 1st period - Shot by Brad Marchand.
17:52 of 1st period - Stopped by Vitek Vanecek without a rebound.
17:53 of 1st period - Pierre-luc Dubois wins face-off versus William Nylander in COLUMBUS Blue Jackets zone.
17:53 of 1st period - Pierre-luc Dubois is hit by Andrei Svechnikov.
18:10 of 1st period - Icing by Jake Gardiner.
18:11 of 1st period - William Nylander wins face-off versus Bo Horvat in PITTSBURGH Penguins zone.
18:18 of 1st period - Andrei Svechnikov is hit by William Lagesson.
18:25 of 1st period - Minor Penalty to Jordan Gross for Hooking.
18:26 of 1st period - Connor McDavid wins face-off versus Pierre-luc Dubois in COLUMBUS Blue Jackets zone.
18:47 of 1st period - Jack Roslovic is hit by Brad Marchand and loses puck.
19:42 of 1st period - Shot by Victor Hedman.
19:42 of 1st period - Stopped by Vitek Vanecek with a rebound.
19:44 of 1st period - Shot by William Nylander.
19:44 of 1st period - Deflect By Andrei Svechnikov.
19:44 of 1st period - Shot Misses the Net.
19:54 of 1st period - Shot by Gustav Nyquist.
19:54 of 1st period - Stopped by Vitek Vanecek without a rebound.
19:55 of 1st period - Connor McDavid wins face-off versus Pierre-luc Dubois in COLUMBUS Blue Jackets zone.
19:58 of 1st period - Shot by Connor McDavid.
19:58 of 1st period - Shot Blocked by John Marino.
Goals for this period are 1 for COLUMBUS Blue Jackets vs 1 for PITTSBURGH Penguins.
Shots for this period are 7 for COLUMBUS Blue Jackets vs 12 for PITTSBURGH Penguins.

2nd period


0:01 of 2nd period - Pierre-luc Dubois wins face-off versus Connor McDavid in neutral zone.
1:08 of 2nd period - Icing by Adam Larsson.
1:09 of 2nd period - Pierre-luc Dubois wins face-off versus William Nylander in PITTSBURGH Penguins zone.
1:44 of 2nd period - Jake Gardiner is hit by John Marino and loses puck.
2:00 of 2nd period - Shot by Brad Marchand.
2:00 of 2nd period - Stopped by Vitek Vanecek without a rebound.
2:01 of 2nd period - Bo Horvat wins face-off versus Ross Colton in COLUMBUS Blue Jackets zone.
2:01 of 2nd period - Bo Horvat is hit by Ross Colton.
2:04 of 2nd period - Icing by Yan Gourde.
2:05 of 2nd period - Bo Horvat wins face-off versus Ross Colton in COLUMBUS Blue Jackets zone.
2:05 of 2nd period - Minor Penalty to Matthew Nieto for Slashing.
2:06 of 2nd period - Gustav Nyquist wins face-off versus Bo Horvat in PITTSBURGH Penguins zone.
3:23 of 2nd period - Shot by Tyler Johnson.
3:23 of 2nd period - Shot Misses the Net.
3:25 of 2nd period - Shot by John Marino.
3:25 of 2nd period - Shot Misses the Net.
3:27 of 2nd period - Shot by Tyler Johnson.
3:27 of 2nd period - Stopped by Darcy Kuemper without a rebound.
3:28 of 2nd period - Pierre-luc Dubois wins face-off versus Alexander Barabanov in PITTSBURGH Penguins zone.
4:07 of 2nd period - Shot by Oliver Bjorkstrand .
4:07 of 2nd period - Stopped by Vitek Vanecek with a rebound.
4:15 of 2nd period - Shot by Brad Marchand.
4:15 of 2nd period - Stopped by Vitek Vanecek with a rebound.
4:17 of 2nd period - Shot by Connor McDavid.
4:17 of 2nd period - Deflect By Brad Marchand.
4:17 of 2nd period - Shot Misses the Net.
4:19 of 2nd period - Shot by Brad Marchand.
4:19 of 2nd period - Shot Misses the Net.
4:21 of 2nd period - Shot by Trevor Carrick.
4:21 of 2nd period - Shot Blocked by William Lagesson.
4:23 of 2nd period - Shot by Connor McDavid.
4:23 of 2nd period - Shot Misses the Net.
4:25 of 2nd period - Shot by Oliver Bjorkstrand .
4:25 of 2nd period - Stopped by Vitek Vanecek without a rebound.
4:26 of 2nd period - Bo Horvat wins face-off versus Justin Kloos in COLUMBUS Blue Jackets zone.
4:45 of 2nd period - Shot by Yan Gourde.
4:45 of 2nd period - Shot Blocked by Adam Larsson.
4:47 of 2nd period - Shot by Carson Soucy.
4:47 of 2nd period - Shot Blocked by Vitali Kravtsov.
5:17 of 2nd period - Jared Spurgeon is hit by Yan Gourde and loses puck.
5:27 of 2nd period - Icing by Jared Spurgeon .
5:28 of 2nd period - Pierre-luc Dubois wins face-off versus Justin Kloos in PITTSBURGH Penguins zone.
5:31 of 2nd period - Shot by Pierre-luc Dubois.
5:31 of 2nd period - Stopped by Darcy Kuemper with a rebound.
5:42 of 2nd period - Icing by John Marino.
5:43 of 2nd period - Connor McDavid wins face-off versus Pierre-luc Dubois in COLUMBUS Blue Jackets zone.
6:13 of 2nd period - Jack Roslovic is hit by Victor Hedman and loses puck.
6:44 of 2nd period - Brad Marchand is hit by Artturi Lehkonen and loses puck.
6:52 of 2nd period - Nino Niederreiter is hit by Jake Gardiner and loses puck.
7:11 of 2nd period - Shot by William Lagesson.
7:11 of 2nd period - Stopped by Darcy Kuemper without a rebound.
7:12 of 2nd period - Ross Colton wins face-off versus Bo Horvat in PITTSBURGH Penguins zone.
7:29 of 2nd period - Ross Colton is hit by Dante Fabbro and loses puck.
7:38 of 2nd period - Shot by Matthew Nieto.
7:38 of 2nd period - Deflect By Ross Colton.
7:38 of 2nd period - Stopped by Vitek Vanecek with a rebound.
7:50 of 2nd period - Shot by Matthew Nieto.
7:50 of 2nd period - Stopped by Vitek Vanecek with a rebound.
7:56 of 2nd period - Shot by Matthew Nieto.
7:56 of 2nd period - Stopped by Vitek Vanecek with a rebound.
8:35 of 2nd period - Shot by Andrei Svechnikov.
8:35 of 2nd period - Deflect By Gustav Nyquist.
8:35 of 2nd period - Stopped by Vitek Vanecek without a rebound.
8:36 of 2nd period - Sam Steel wins face-off versus Justin Kloos in COLUMBUS Blue Jackets zone.
8:45 of 2nd period - Shot by Justin Kloos.
8:45 of 2nd period - Stopped by Vitek Vanecek without a rebound.
8:46 of 2nd period - Pierre-luc Dubois wins face-off versus Justin Kloos in COLUMBUS Blue Jackets zone.
8:51 of 2nd period - Jake Gardiner is hit by Pierre-luc Dubois and loses puck.
9:21 of 2nd period - Minor Penalty to John Carlson for Roughing.
9:22 of 2nd period - Connor McDavid wins face-off versus Pierre-luc Dubois in COLUMBUS Blue Jackets zone.
10:32 of 2nd period - Icing by William Nylander.
10:33 of 2nd period - Jack Roslovic wins face-off versus William Nylander in PITTSBURGH Penguins zone.
10:36 of 2nd period - Shot by Jack Roslovic.
10:36 of 2nd period - Shot Misses the Net.
10:38 of 2nd period - Shot by Jack Roslovic.
10:38 of 2nd period - Shot Misses the Net.
10:41 of 2nd period - Jack Roslovic is hit by Victor Hedman and loses puck.
11:26 of 2nd period - Shot by Artturi Lehkonen.
11:26 of 2nd period - Stopped by Darcy Kuemper without a rebound.
11:27 of 2nd period - Ross Colton wins face-off versus Bo Horvat in PITTSBURGH Penguins zone.
11:51 of 2nd period - Shot by Colin Blackwell.
11:51 of 2nd period - Shot Misses the Net.
11:54 of 2nd period - Icing by Kevin Connauton.
11:55 of 2nd period - Sam Steel wins face-off versus Ross Colton in PITTSBURGH Penguins zone.
11:56 of 2nd period - Shot by William Lagesson.
11:56 of 2nd period - Stopped by Darcy Kuemper without a rebound.
11:57 of 2nd period - Connor McDavid wins face-off versus Pierre-luc Dubois in PITTSBURGH Penguins zone.
11:57 of 2nd period - Connor McDavid is hit by Jack Roslovic.
12:15 of 2nd period - Shot by Pierre-luc Dubois.
12:15 of 2nd period - Stopped by Darcy Kuemper without a rebound.
12:16 of 2nd period - Bo Horvat wins face-off versus William Nylander in PITTSBURGH Penguins zone.
12:17 of 2nd period - Shot by Colin Blackwell.
12:17 of 2nd period - Stopped by Darcy Kuemper with a rebound.
12:31 of 2nd period - Shot by Andrei Svechnikov.
12:31 of 2nd period - Shot Hit the Post.
12:33 of 2nd period - Shot by Jake Gardiner.
12:33 of 2nd period - Shot Blocked by Dante Fabbro.
12:37 of 2nd period - Shot by Gustav Nyquist.
12:37 of 2nd period - Shot Misses the Net.
12:39 of 2nd period - Shot by Gustav Nyquist.
12:39 of 2nd period - Shot Misses the Net.
13:15 of 2nd period - Yan Gourde is hit by Adam Larsson.
13:39 of 2nd period - Shot by Oliver Bjorkstrand .
13:39 of 2nd period - Deflect By Connor McDavid.
13:39 of 2nd period - Shot Misses the Net.
14:19 of 2nd period - Shot by Alexander Barabanov.
14:19 of 2nd period - Shot Misses the Net.
14:21 of 2nd period - Shot by Trevor Carrick.
14:21 of 2nd period - Stopped by Vitek Vanecek without a rebound.
14:22 of 2nd period - Justin Kloos wins face-off versus Pierre-luc Dubois in COLUMBUS Blue Jackets zone.
15:15 of 2nd period - Milan Lucic is hit by Sam Steel and loses puck.
16:20 of 2nd period - Icing by William Lagesson.
16:21 of 2nd period - William Nylander wins face-off versus Sam Steel in COLUMBUS Blue Jackets zone.
16:21 of 2nd period - William Nylander is hit by William Lagesson.
16:47 of 2nd period - Shot by William Nylander.
16:47 of 2nd period - Shot Misses the Net.
16:49 of 2nd period - Shot by Gustav Nyquist.
16:49 of 2nd period - Shot Blocked by William Lagesson.
17:23 of 2nd period - Shot by Alexander Barabanov.
17:23 of 2nd period - Deflect By Ross Colton.
17:23 of 2nd period - Shot Misses the Net.
17:27 of 2nd period - Shot by Matthew Nieto.
17:27 of 2nd period - Stopped by Vitek Vanecek with a rebound.
17:47 of 2nd period - Jake Gardiner is hit by Artturi Lehkonen and loses puck.
18:11 of 2nd period - Connor McDavid is hit by Pierre-luc Dubois and loses puck.
18:15 of 2nd period - Jared Spurgeon is hit by John Carlson and loses puck.
18:34 of 2nd period - Shot by Connor McDavid.
18:34 of 2nd period - Deflect By Oliver Bjorkstrand .
18:34 of 2nd period - Shot Misses the Net.
18:39 of 2nd period - Shot by Brad Marchand.
18:39 of 2nd period - Deflect By Oliver Bjorkstrand .
18:39 of 2nd period - Shot Misses the Net.
18:41 of 2nd period - Shot by Oliver Bjorkstrand .
18:41 of 2nd period - Stopped by Vitek Vanecek without a rebound.
18:42 of 2nd period - Bo Horvat wins face-off versus Andrei Svechnikov in COLUMBUS Blue Jackets zone.
18:42 of 2nd period - Bo Horvat is hit by Andrei Svechnikov.
18:56 of 2nd period - Shot by Colin Blackwell.
18:56 of 2nd period - Stopped by Darcy Kuemper with a rebound.
18:58 of 2nd period - Shot by Colin Blackwell.
18:58 of 2nd period - Stopped by Darcy Kuemper without a rebound.
18:59 of 2nd period - Pierre-luc Dubois wins face-off versus Justin Kloos in PITTSBURGH Penguins zone.
Goals for this period are 0 for COLUMBUS Blue Jackets vs 0 for PITTSBURGH Penguins.
Shots for this period are 9 for COLUMBUS Blue Jackets vs 12 for PITTSBURGH Penguins.

3rd period


0:01 of 3rd period - Connor McDavid wins face-off versus Pierre-luc Dubois in neutral zone.
0:01 of 3rd period - Connor McDavid is hit by Pierre-luc Dubois.
0:12 of 3rd period - Minor Penalty to Victor Hedman for Roughing.
0:13 of 3rd period - Gustav Nyquist wins face-off versus Bo Horvat in PITTSBURGH Penguins zone.
1:18 of 3rd period - Shot by Tyler Johnson.
1:18 of 3rd period - Stopped by Darcy Kuemper without a rebound.
1:19 of 3rd period - Gustav Nyquist wins face-off versus Pierre-luc Dubois in PITTSBURGH Penguins zone.
1:25 of 3rd period - Icing by Tyler Johnson.
1:26 of 3rd period - Pierre-luc Dubois wins face-off versus Gustav Nyquist in COLUMBUS Blue Jackets zone.
1:52 of 3rd period - Shot by Pierre-luc Dubois.
1:52 of 3rd period - Stopped by Darcy Kuemper without a rebound.
1:53 of 3rd period - Bo Horvat wins face-off versus William Nylander in PITTSBURGH Penguins zone.
2:13 of 3rd period - Icing by Brad Marchand.
2:14 of 3rd period - Justin Kloos wins face-off versus Pierre-luc Dubois in PITTSBURGH Penguins zone.
2:20 of 3rd period - Jack Roslovic is hit by Kevin Connauton.
3:39 of 3rd period - Brad Marchand is hit by John Marino and loses puck.
3:43 of 3rd period - Icing by John Carlson.
3:44 of 3rd period - Bo Horvat wins face-off versus William Nylander in COLUMBUS Blue Jackets zone.
3:44 of 3rd period - Bo Horvat is hit by Andrei Svechnikov.
3:47 of 3rd period - Icing by John Marino.
3:48 of 3rd period - Bo Horvat wins face-off versus Connor McDavid in COLUMBUS Blue Jackets zone.
4:45 of 3rd period - Shot by Artturi Lehkonen.
4:45 of 3rd period - Goal by Artturi Lehkonen - COLUMBUS Blue Jackets : 2 - PITTSBURGH Penguins : 1.
4:46 of 3rd period - Jack Roslovic wins face-off versus William Nylander in neutral zone.
5:00 of 3rd period - Icing by Pierre-luc Dubois.
5:01 of 3rd period - Ross Colton wins face-off versus Pierre-luc Dubois in COLUMBUS Blue Jackets zone.
6:27 of 3rd period - Shot by William Nylander.
6:27 of 3rd period - Stopped by Vitek Vanecek without a rebound.
6:28 of 3rd period - Connor McDavid wins face-off versus Sam Steel in COLUMBUS Blue Jackets zone.
6:37 of 3rd period - Shot by Connor McDavid.
6:37 of 3rd period - Goal by Connor McDavid - COLUMBUS Blue Jackets : 2 - PITTSBURGH Penguins : 2.
6:38 of 3rd period - Connor McDavid wins face-off versus Bo Horvat in neutral zone.
7:04 of 3rd period - Connor McDavid is hit by John Carlson and loses puck.
7:12 of 3rd period - Off-side.
7:13 of 3rd period - William Nylander wins face-off versus Sam Steel in neutral zone.
7:15 of 3rd period - Gustav Nyquist is hit by William Lagesson.
7:25 of 3rd period - Shot by William Nylander.
7:25 of 3rd period - Stopped by Vitek Vanecek without a rebound.
7:26 of 3rd period - Pierre-luc Dubois wins face-off versus Ross Colton in COLUMBUS Blue Jackets zone.
7:33 of 3rd period - Shot by Tyler Johnson.
7:33 of 3rd period - Deflect By Jack Roslovic.
7:33 of 3rd period - Shot Misses the Net.
7:35 of 3rd period - Shot by Tyler Johnson.
7:35 of 3rd period - Shot Blocked by Kevin Connauton.
7:51 of 3rd period - Pierre-luc Dubois is hit by Alexander Barabanov and loses puck.
8:39 of 3rd period - Shot by Colin Blackwell.
8:39 of 3rd period - Stopped by Darcy Kuemper without a rebound.
8:40 of 3rd period - Sam Steel wins face-off versus Andrei Svechnikov in PITTSBURGH Penguins zone.
9:24 of 3rd period - Shot by Jordan Gross.
9:24 of 3rd period - Stopped by Darcy Kuemper without a rebound.
9:25 of 3rd period - Connor McDavid wins face-off versus Tyler Johnson in PITTSBURGH Penguins zone.
9:25 of 3rd period - Connor McDavid is hit by Pierre-luc Dubois.
9:28 of 3rd period - Jake Gardiner is hit by Pierre-luc Dubois.
9:31 of 3rd period - Brad Marchand is hit by John Marino and loses puck.
9:40 of 3rd period - Shot by Pierre-luc Dubois.
9:40 of 3rd period - Stopped by Darcy Kuemper without a rebound.
9:41 of 3rd period - Bo Horvat wins face-off versus Ross Colton in PITTSBURGH Penguins zone.
9:53 of 3rd period - Icing by Trevor Carrick.
9:54 of 3rd period - Alexander Barabanov wins face-off versus Pierre-luc Dubois in PITTSBURGH Penguins zone.
10:59 of 3rd period - Shot by Brad Marchand.
10:59 of 3rd period - Shot Misses the Net.
11:05 of 3rd period - Jake Gardiner is hit by Colin Blackwell and loses puck.
11:58 of 3rd period - Shot by Sam Steel.
11:58 of 3rd period - Stopped by Darcy Kuemper without a rebound.
11:59 of 3rd period - William Nylander wins face-off versus Pierre-luc Dubois in PITTSBURGH Penguins zone.
12:10 of 3rd period - Shot by William Nylander.
12:10 of 3rd period - Stopped by Vitek Vanecek without a rebound.
12:11 of 3rd period - Sam Steel wins face-off versus Ross Colton in COLUMBUS Blue Jackets zone.
12:42 of 3rd period - Shot by Ross Colton.
12:42 of 3rd period - Shot Blocked by William Lagesson.
13:05 of 3rd period - Gustav Nyquist is hit by William Lagesson and loses puck.
13:09 of 3rd period - Minor Penalty to William Lagesson for Cross-checking.
13:10 of 3rd period - Pierre-luc Dubois wins face-off versus William Nylander in COLUMBUS Blue Jackets zone.
13:23 of 3rd period - Shot by Jared Spurgeon .
13:23 of 3rd period - Stopped by Vitek Vanecek without a rebound.
13:24 of 3rd period - Oliver Bjorkstrand wins face-off versus Pierre-luc Dubois in COLUMBUS Blue Jackets zone.
13:27 of 3rd period - Shot by Connor McDavid.
13:27 of 3rd period - Shot Misses the Net.
13:29 of 3rd period - Shot by Jake Gardiner.
13:29 of 3rd period - Shot Misses the Net.
13:53 of 3rd period - Shot by Brad Marchand.
13:53 of 3rd period - Goal by Brad Marchand - COLUMBUS Blue Jackets : 2 - PITTSBURGH Penguins : 3.
13:54 of 3rd period - William Nylander wins face-off versus Bo Horvat in neutral zone.
14:07 of 3rd period - Shot by Andrei Svechnikov.
14:07 of 3rd period - Stopped by Vitek Vanecek without a rebound.
14:08 of 3rd period - Ross Colton wins face-off versus Sam Steel in COLUMBUS Blue Jackets zone.
14:48 of 3rd period - Shot by Alexander Barabanov.
14:48 of 3rd period - Goal by Alexander Barabanov - COLUMBUS Blue Jackets : 2 - PITTSBURGH Penguins : 4.
14:49 of 3rd period - Pierre-luc Dubois wins face-off versus Connor McDavid in neutral zone.
14:57 of 3rd period - Shot by Jack Roslovic.
14:57 of 3rd period - Stopped by Darcy Kuemper without a rebound.
14:58 of 3rd period - Connor McDavid wins face-off versus Pierre-luc Dubois in PITTSBURGH Penguins zone.
15:02 of 3rd period - Jake Gardiner is hit by John Marino.
15:31 of 3rd period - Shot by Jack Roslovic.
15:31 of 3rd period - Stopped by Darcy Kuemper without a rebound.
15:32 of 3rd period - William Nylander wins face-off versus Bo Horvat in PITTSBURGH Penguins zone.
17:03 of 3rd period - Shot by Brad Marchand.
17:03 of 3rd period - Stopped by Vitek Vanecek without a rebound.
17:04 of 3rd period - Sam Steel wins face-off versus Ross Colton in COLUMBUS Blue Jackets zone.
17:04 of 3rd period - Sam Steel is hit by Matthew Nieto.
17:22 of 3rd period - Shot by Artturi Lehkonen.
17:22 of 3rd period - Shot Misses the Net.
17:52 of 3rd period - Off-side.
17:53 of 3rd period - Pierre-luc Dubois wins face-off versus Connor McDavid in neutral zone.
18:22 of 3rd period - Shot by Oliver Bjorkstrand .
18:22 of 3rd period - Goal by Oliver Bjorkstrand - COLUMBUS Blue Jackets : 2 - PITTSBURGH Penguins : 5.
18:23 of 3rd period - Bo Horvat wins face-off versus William Nylander in neutral zone.
18:43 of 3rd period - Off-side.
18:44 of 3rd period - Connor McDavid wins face-off versus Pierre-luc Dubois in neutral zone.
19:02 of 3rd period - Icing by John Marino.
19:03 of 3rd period - William Nylander wins face-off versus Pierre-luc Dubois in COLUMBUS Blue Jackets zone.
19:34 of 3rd period - Shot by William Nylander.
19:34 of 3rd period - Shot Blocked by John Marino.
19:36 of 3rd period - Shot by Adam Larsson.
19:36 of 3rd period - Shot Misses the Net.
19:38 of 3rd period - Shot by Adam Larsson.
19:38 of 3rd period - Stopped by Vitek Vanecek without a rebound.
19:39 of 3rd period - Connor McDavid wins face-off versus Bo Horvat in COLUMBUS Blue Jackets zone.
Goals for this period are 1 for COLUMBUS Blue Jackets vs 4 for PITTSBURGH Penguins.
Shots for this period are 9 for COLUMBUS Blue Jackets vs 11 for PITTSBURGH Penguins.